 Dungeon Crawl Stone Soup version 0.20.0-7-g3b7b877 (webtiles) character file.

67 Chiseanne the Magician (level 4, 30/30 HPs)
             Began as a Demonspawn Wizard on May 29, 2017.
             Quit the game on level 2 of the Dungeon.
             The game lasted 00:04:26 (2627 turns).

Chiseanne the Magician (Demonspawn Wizard)          Turns: 2627, Time: 00:04:26

Health: 30/30      AC:  5    Str:  8    XL:     4   Next: 0%
Magic:  7/10       EV: 12    Int: 20    God:
Gold:   91         SH:  0    Dex: 11    Spells: 2/11 levels left

rFire    . . .     SeeInvis .   k - +0 rapier
rCold    . . .     Gourm    .   (no shield)
rNeg     . . .     Faith    .   a - +0 robe
rPois    .         Spirit   .   b - +0 hat
rElec    .         Reflect  .   (no cloak)
rCorr    .         Harm     .   (no gloves)
MR       .....                  o - +0 pair of boots
Stlth    ++........             (no amulet)
Regen    0.1/turn               (no ring)
MPRegen  0.2/turn               (no ring)

@: very slightly contaminated
A: slimy green scales 1, demonic guardian 1
a: no special abilities


You were on level 2 of the Dungeon.
You were not hungry.

You visited 1 branch of the dungeon, and saw 2 of its levels.

You collected 91 gold pieces.

Inventory:

Hand Weapons
 k - a +0 rapier (weapon)
 q - a cursed -2 short sword
Missiles
 e - 64 stones (quivered)
 f - 23 arrows
Armour
 a - a +0 robe (worn)
 b - a +0 hat (worn)
 o - a +0 pair of boots (worn)
Scrolls
 g - a scroll of recharging
 i - 2 scrolls of magic mapping
 l - a scroll of teleportation
Potions
 j - a potion of might {unknown}
 m - a potion of degeneration {unknown}
 n - 2 potions of haste {unknown}
 r - a potion of agility {unknown}
 t - a potion of flight {unknown}
Books
 c - a book of Minor Magic

   Spells                             Type                      Level
   a - Magic Dart                     Conjuration                  1
   b - Blink                          Translocation                2
   c - Call Imp                       Summoning                    2
   d - Slow                           Hexes                        2
   e - Conjure Flame                  Conjuration/Fire             3
   f - Mephitic Cloud                 Conjuration/Poison/Air       3
Comestibles
 d - 3 bread rations
 h - 3 chunks of flesh
 p - a royal jelly


   Skills:
 - Level 1.7 Dodging
 - Level 1.7 Stealth
 * Level 4.3 Spellcasting
 + Level 2.0 Conjurations
   Level 1.0 Summonings
 - Level 0.8 Translocations


You had 2 spell levels left.
You knew the following spells:

 Your Spells              Type           Power        Failure   Level  Hunger
a - Magic Dart            Conj           ##..         5%          1    None
b - Blink                 Tloc           N/A          13%         2    #......
c - Conjure Flame         Conj/Fire      #.......     24%         3    ###....
d - Mephitic Cloud        Conj/Pois/Air  #.......     28%         3    ###....


Dungeon Overview and Level Annotations

Branches:
Dungeon (2/15)

Altars:


Innate Abilities, Weirdness & Mutations

You are partially covered in slimy green scales. (AC +2)
A weak demonic guardian rushes to your aid.


Message History

A rat comes into view.
Casting: Magic Dart
Confirm with . or Enter, or press ? or * to list all spells.
Aiming: Magic Dart
Press: ? - help, Shift-Dir - straight line, f - rat
Aim: a rat (resting)
You miscast Magic Dart.
You are very lightly contaminated with residual magic.
Nothing appears to happen.
Casting: Magic Dart
Confirm with . or Enter, or press ? or * to list all spells.
Aiming: Magic Dart
Press: ? - help, Shift-Dir - straight line, f/p - rat
Aim: a rat (resting)
The magic dart hits the rat.
You kill the rat!
You have reached level 4!
You feel stronger.
Your demonic ancestry asserts itself...
You feel the presence of a demonic guardian.
Are you sure you want to abandon this character and quit the game? (Confirm with "yes".)

##....)#.#####.#.
#....#.......#.#.
#.#...##.###.#...
#.#.............#
#...###.........#
##.####........... .
#..#.=..##........
....###...........##...#
#....@....####.#####.#
#......#.....#)# #)#
#.######.###...# #). #
#.# ##.## ###
###.###).## #...#.....#
##.###.###.# ##.>###.#
#.### #..###..# #...# #


There were no monsters in sight!

Vanquished Creatures
  2 worms (D:2)
  4 dart slugs
  3 giant cockroaches (D:1)
  5 goblins
  7 hobgoblins
  4 jackals
  12 kobolds
  5 bats
  2 frilled lizards
  6 rats
50 creatures vanquished.

Notes
Turn   | Place    | Note
-------+----------+-------------------------------------------
     0 | D:1      | Chiseanne the Demonspawn Wizard began the quest for the Orb.
     0 | D:1      | Reached XP level 1. HP: 13/13 MP: 4/4
   534 | D:1      | Gained mutation: You are partially covered in slimy green scales. (AC +2) [demonic ancestry]
   534 | D:1      | Reached XP level 2. HP: 19/19 MP: 3/6
  1407 | D:1      | Reached XP level 3. HP: 24/24 MP: 5/8
  1759 | D:1      | Learned a level 2 spell: Blink
  1764 | D:1      | Learned a level 3 spell: Conjure Flame
  1795 | D:1      | Learned a level 3 spell: Mephitic Cloud
  1813 | D:2      | Reached skill level 4 in Spellcasting
  2626 | D:2      | Gained mutation: A weak demonic guardian rushes to your aid. [demonic ancestry]
  2626 | D:2      | Reached XP level 4. HP: 30/30 MP: 7/10
  2627 | D:2      | Quit the game

Skill      XL: |  1  2  3 |
---------------+----------+-----
Spellcasting   | 4 |  4.3
Conjurations   | 2 |  2.0
Dodging        | |  1.7
Stealth        | |  1.7
Summonings     | |  1.0
Translocations | |  0.8

Action                   |  1- 3 |  4- 6 || total
-------------------------+-------+-------++-------
Melee: Unarmed           |    24 |       ||    24
       Short sword       |    47 |       ||    47
 Cast: Magic Dart        |   117 |     1 ||   118
       Mephitic Cloud    |     2 |       ||     2
       Conjure Flame     |     1 |       ||     1
  Use: Scroll            |     5 |       ||     5
 Stab: Confused          |     2 |       ||     2
  Eat: Chunk             |     5 |       ||     5
Armor: Robe              |    19 |       ||    19
Dodge: Dodged            |    53 |       ||    53
